 Dungeon Crawl Stone Soup version 0.31-a0-983-g7b6862f502 (webtiles) character file.

Game seed: 17849262155827820685

145 Firecrotchwizard the Ruffian (level 5, 0/26 HPs)
             Began as a Vine Stalker Shapeshifter on Nov 3, 2023.
             Slain by an ice beast (11 damage)
             ... on level 4 of the Dungeon.
             The game lasted 00:05:30 (2175 turns).

Firecrotchwizard the Ruffian (VSSh)                 Turns: 2175, Time: 00:05:31

Health: 0/26       AC:  5    Str: 17    XL:     5   Next: 27%
Magic:  0/6        EV: 11    Int: 10    God:
Gold:   114        SH:  0    Dex: 15    Spells: 4/4 levels left

rFire   . .          .
                       - Unarmed
rCold   . . .        (no shield)
rNeg    . . .        m - +0 ring mail
rPois   .            (helmet currently unavailable)
rElec   .            (cloak currently unavailable)
rCorr   .            (gloves currently unavailable)
SInv    .            (boots currently unavailable)
Will    .....        i - amulet of regeneration
Stlth   +            (no ring)
HPRegen 1.84/turn    (no ring)
MPRegen 0.10/turn

%: guardian spirit
@: beast-form
A: beast (slay +2), fangs 2, regeneration 1, magic shield, antimagic bite, no
potion heal 2
a: Begin Untransformation


You were on level 4 of the Dungeon.
You were a hulking beast.
You visited 1 branch of the dungeon, and saw 4 of its levels.

You collected 114 gold pieces.

Inventory:

Missiles
 g - 5 atropa-tipped darts
 j - 2 poisoned darts
 l - 4 curare-tipped darts
Armour
 a - a +0 animal skin
 m - a +0 ring mail (worn)
Jewellery
 i - an amulet of regeneration (around neck)
Talismans
 c - a beast talisman
 d - a flux talisman
Scrolls
 e - a scroll of revelation {unknown}
 f - a scroll of vulnerability {unknown}
 h - a scroll of immolation {unknown}
 k - a scroll of enchant weapon {unknown}
 r - a scroll of poison {unknown}
Potions
 b - 2 potions of lignification
 n - a potion of resistance {unknown}
 o - 2 potions of curing {unknown}
 p - 2 potions of heal wounds {unknown}
 q - a potion of might {unknown}
 s - a potion of attraction {unknown}


   Skills:
 + Level 2.3 Fighting
 + Level 2.5 Dodging
 + Level 3.8 Unarmed Combat
 + Level 3.7 Shapeshifting


You had 4 spell levels left.
You didn't know any spells.
Your spell library contained the following spells:

 Spells                   Type           Power      Damage    Failure   Level
 Magic Dart               Conj           0%         1d3       56%         1
 Sting                    Tmut/Pois      0%         1d3       56%         1
 Call Imp                 Summ           0%         N/A       71%         2
 Poisonous Vapours        Pois/Air       0%         N/A       71%         2
 Mephitic Cloud           Conj/Pois/Air  0%         N/A       91%         3
 Olgreb's Toxic Radiance  Pois           0%         N/A       100%        4


Dungeon Overview and Level Annotations

Branches:
Dungeon (4/15)
 Temple: D:4-7

Altars:
Wu Jian

Shops:
D:2 (


Innate Abilities, Weirdness & Mutations

You are a hulking beast.
Your limbs bulge with bestial killing power. (Slay +2)
You have extremely sharp teeth.
Your natural rate of healing is unusually fast.
When hurt, damage is shared between your health and your magic reserves.
Your bite disrupts and absorbs the magic of your enemies.
Potions cannot restore your health.


Message History

The kobold throws a stone.
The stone hits you but does no damage.
The kobold throws a stone.
The stone hits you but does no damage.
There is an open door here.
You punch the hobgoblin!
You kill the hobgoblin!
You have reached level 4!
You feel stronger.
You punch the kobold!
You kill the kobold!
No target in view!
No target in view!
You open the door.
There is an open door here.
You open the door.
There is an open door here.
A kobold comes into view. It is wielding a +0 short sword.
The kobold shouts!
The kobold hits you with a +0 short sword.
You hit the kobold. Your bite misses the kobold.
The kobold is heavily wounded.
The kobold hits you with a +0 short sword.
You hit the kobold.
You kill the kobold!
No target in view!
You see here a +0 short sword.
An endoplasm comes into view.
The endoplasm quivers.
The endoplasm freezes you.
You are frozen.
You hit the endoplasm.
The endoplasm is almost dead.
The endoplasm hits you but does no damage.
You hit the endoplasm but do no damage. Your bite misses the endoplasm.
The endoplasm is almost dead.
The endoplasm hits you.
You hit the endoplasm.
You kill the endoplasm!
No target in view!
Found a stone staircase leading up.
Found a leather armour.
Found an escape hatch in the ceiling.
Found a quarterstaff.
Done exploring.
Done exploring.
What level of the Dungeon? (default 3, ? - help)
Okay, then.
There is a stone staircase leading up here.
There is a stone staircase leading down here.
You climb downwards.
Found five items.
There is a stone staircase leading up here.
A worm is nearby!
The worm bites you but does no damage.
You punch the worm! You bite the worm. You drain its power.
The worm is heavily wounded.
You punch the worm!
You kill the worm!
There's nothing to open nearby.
There's nothing to open nearby.
You pick up a Young Poisoner's Handbook and begin reading...
You add the spells Sting, Poisonous Vapours and Olgreb's Toxic Radiance to your library.
You now have 106 gold pieces (gained 12).
r - a scroll labelled TEFUDW RU BURE You now have 114 gold pieces (gained 8).
s - a smoky silvery potion An ice beast and a centaur come into view.
Found 15 gold pieces.
The centaur shouts!
A bullfrog comes into view.
The ice beast moves out of view.
You start waiting.
There are monsters nearby!
The centaur misses you. The centaur kicks you.
The ice beast hits you but does no damage.
You punch the centaur! You bite the centaur. You drain its power.
The centaur is moderately wounded.
The centaur closely misses you. The centaur kicks you.
The ice beast barely misses you. The centaur barely misses you.
The centaur kicks you but does no damage.
You hit the centaur.
The centaur is heavily wounded.
The ice beast misses you. The centaur misses you. The centaur kicks you.
You hit the centaur. You punch the centaur.
The centaur is almost dead.
The centaur closely misses you. The centaur barely misses you.
The ice beast misses you. The centaur hits you.
The centaur kicks you but does no damage.
You closely miss the centaur. You punch the centaur.
You kill the centaur!
The ice beast hits you. The ice beast freezes you!
Your Fighting skill increases to level 2!
You have reached level 5!
You hit the ice beast.
You punch the ice beast, but do no damage.
The ice beast is lightly wounded.
The ice beast hits you.
* * * LOW HITPOINT WARNING * * *
The ice beast freezes you!
* * * LOW MAGIC WARNING * * *
You die...

####.........#
....)........#
.............#
....<........#
.............#
............###
..............###
.........####...###
........## ###.h.#
.......## ##Y)#
.......# .#....
######.# .. ......
..# ... ....... ..
.... .##.#.. #.#
..$.. .# .# .
.....# .# #


You could see an ice beast.

Vanquished Creatures
  A centaur (D:4)
  2 adders
  3 worms
  A dart slug (D:3)
  3 ball pythons
  4 bats
  3 endoplasms
  A giant cockroach (D:3)
  2 goblins
  2 hobgoblins (D:3)
  2 jackals (D:1)
  A quokka (D:2)
  4 frilled lizards
  4 kobolds
  5 rats
38 creatures vanquished.

Notes
Turn   | Place    | Note
-------+----------+-------------------------------------------
     0 | D:1      | Firecrotchwizard the Vine Stalker Shapeshifter began the
                  | quest for the Orb.
     0 | D:1      | Reached XP level 1. HP: 9/9 MP: 2/2
    62 | D:1      | Reached skill level 1 in Fighting
   169 | D:1      | Reached XP level 2. HP: 14/14 MP: 3/3
  1025 | D:2      | Found Wudieck's Weapon Emporium.
  1033 | D:2      | Reached XP level 3. HP: 18/18 MP: 4/4
  1409 | D:3      | Found a faded altar of an unknown god.
  1563 | D:3      | Found an ornate altar of the Wu Jian Council.
  1843 | D:3      | Reached XP level 4. HP: 23/23 MP: 5/5
  2166 | D:4      | Noticed an ice beast
  2166 | D:4      | Noticed a centaur
  2166 | D:4      | Noticed a bullfrog
  2174 | D:4      | Killed a centaur
  2175 | D:4      | Reached XP level 5. HP: 13/26 MP: 2/6
  2175 | D:4      | Slain by an ice beast

Illustrated notes

Levels and vault maps discovered:
D:1:      onia_arrival_mini_maze_b, layout_basic
D:2:      layout_basic, serial_shops, shop_fountains, corner_web_ring
D:3:      layout_basic, nicolae_wu_jian_wuxing_cycle,
          shapermc_ecumenical_altar_mp_urbaneastern
D:4:      layout_rooms, minmay_manual_moon, uniq_blork_the_orc, uniq_grinder

Skill      XL: |  1  2  3  4 |
---------------+-------------+-----
Fighting       | 1 2 |  2.3
Dodging        | 2 |  2.5
Unarmed Combat | |  3.8
Shapeshifting  | |  3.7

Action                     |  1- 3 |  4- 6 || total
---------------------------+-------+-------++-------
  Melee: Unarmed           |    85 |    13 ||    98
         Bite              |    16 |     2 ||    18
         Punch             |     1 |     3 ||     4
   Stab: Sleeping          |     1 |       ||     1
 Armour: Animal skin       |    22 |       ||    22
         Ring mail         |    13 |    14 ||    27
  Dodge: Dodged            |    32 |     9 ||    41

Table legend: (Time is in decaauts)
 A = Elapsed time spent in this place.
 B = Non-inter-level travel time spent in this place.
 C = Inter-level travel time spent in this place.
 D = Time resting spent in this place.
 E = Time spent auto-exploring this place.
 F = Levels seen in this place.
 G = Mean time per level.
                   A        B        C        D        E       F      G
               +--------+--------+--------+--------+--------+-----+--------+
         Total |   2168 |   2031 |    137 |      3 |   1768 |   4 |  542.0 |
       Dungeon |   2168 |   2031 |    137 |      3 |   1768 |   4 |  542.0 |
               +--------+--------+--------+--------+--------+-----+--------+

Top non-repeatable levels by time:
     D:2: 823 daAuts
     D:3: 788 daAuts
     D:1: 514 daAuts
     D:4: 42 daAuts
